 Dungeon Crawl Stone Soup version 0.31.0-12-g77e489cdc1 (webtiles) character file.

Game seed: 12729777521586260662

146 Gadfly the Insei (level 5, -5/41 HPs)
             Began as a Demonspawn Monk on Mar 1, 2024.
             Slain by spaghetti's ghost (11 damage)
             ... on level 3 of the Dungeon.
             The game lasted 00:02:47 (3162 turns).

Gadfly the Insei (Demonspawn Monk)                  Turns: 3162, Time: 00:02:47

Health: -5/41      AC:  2    Str: 13    XL:     5   Next: 7%
Magic:  5/5        EV: 13    Int: 10    God:
Gold:   176        SH:  4    Dex: 16    Spells: 4/4 levels left

rFire   + .          .
                       - Unarmed
rCold   + . .        c - orb {light}
rNeg    . . .        a - +0 robe
rPois   +            (helmet currently unavailable)
rElec   +            (cloak currently unavailable)
rCorr   +            l - melded +0 pair of gloves
SInv    .            (boots currently unavailable)
Will    .....        m - amulet of regeneration
Stlth   +            (no ring)
HPRegen 1.06/turn    (no ring)
MPRegen 0.09/turn

%: no passive effects
@: beast-form, resistant, glowing
A: beast (slay +1), condensation shield, weakness stinger 1
a: Begin Untransformation


You were on level 3 of the Dungeon.
You were a hulking beast.
You visited 1 branch of the dungeon, and saw 3 of its levels.

You collected 176 gold pieces.

Inventory:

Armour
 a - a +0 robe (worn)
 c - an orb of light (worn)
 l - a +0 pair of gloves (melded)
Jewellery
 m - an amulet of regeneration (around neck)
Talismans
 e - a serpent talisman
 f - a beast talisman (active)
Scrolls
 d - 3 scrolls of poison
 h - 2 scrolls of teleportation
 j - a scroll of acquirement {unknown}


   Skills:
 - Level 3.0 Fighting
 + Level 3.1 Dodging
 * Level 3.6 Unarmed Combat
 * Level 2.3 Evocations
 * Level 1.8 Shapeshifting


You had 4 spell levels left.
You didn't know any spells.
Your spell library contained the following spells:

 Spells                   Type           Power      Damage    Failure   Level
 Necrotise                Necr           0%         1d4       36%         1
 Sublimation of Blood     Necr           0%         N/A       50%         2
 Vampiric Draining        Necr           0%         2d6       75%         3
 Martyr's Knell           Necr/Summ      0%         N/A       98%         4
 Petrify                  Alch/Erth      0%         N/A       98%         4
 Curse of Agony           Necr           0%         N/A       100%        5
 Irradiate                Conj/Alch      0%         3d11      100%        5


Dungeon Overview and Level Annotations

Branches:
Dungeon (3/15)

Altars:

Shops:
D:3 (

Annotations:
D:3 spaghetti's ghost, amateur NaCK


Innate Abilities, Weirdness & Mutations

You are a hulking beast.
Your limbs bulge with bestial killing power. (Slay +1)
A meltable shield of frost defends you. (SH +4)
You have a small tail.


Message History

You feel sick. The adder closely misses you.
You hit the adder.
The adder is almost dead.
You feel sick. The adder closely misses you. The adder bites you.
You hit the adder but do no damage.
Your tail-slap misses the adder.
The adder is almost dead.
You feel sick. The adder bites you.
You closely miss the adder. You tail-slap the adder.
You kill the adder!
You feel sick.
You have reached level 5!
Okay, then.
Okay, then.
There are monsters nearby!
You feel sick. The adder bites you but does no damage.
You begin transforming.
You continue transforming.
You feel sick.
You are no longer poisoned.
You continue transforming.
Spaghetti's ghost hits you!
You continue transforming.
Spaghetti's ghost hits you.
You turn into a hulking beast.
Your +0 pair of gloves melds into your body.
You hit spaghetti's ghost but do no damage.
Your tail-slap misses spaghetti's ghost.
Spaghetti's ghost is moderately damaged.
Spaghetti's ghost hits you!
* * * LOW HITPOINT WARNING * * *
You hit spaghetti's ghost but do no damage.
You tail-slap spaghetti's ghost, but do no damage.
Spaghetti's ghost is moderately damaged.
Spaghetti's ghost hits you.
* * * LOW HITPOINT WARNING * * *
You feel protected. Spaghetti's ghost closely misses you.
You hit spaghetti's ghost but do no damage.
Spaghetti's ghost is moderately damaged.
Spaghetti's ghost hits you!
You die...

....########### #.#
..#...##......# #.#
#.###..'......# #.#
#.# ####......# #.#
#.# #......# #.#
#.######......# ##.#
..##..####'######..#
#####.......## #..##
~~~~'..###S..# #h##
#####.##
#.#.###W####### #
#...####.#....S......#
#
#...).........######.#
###.#.####....#.# #.#
..#.#.# ####.#.# #.#
#.#.#.# #>#.# #.#
#.#.#.# #.#.# #.#
#.#.#.# #.#.# #.#


You could see spaghetti's ghost and an adder.

Vanquished Creatures
  A gnoll (D:1)
  7 adders
  A ribbon worm (D:2)
  A dart slug (D:1)
  An orc (D:3)
  4 ball pythons
  5 endoplasms
  6 giant cockroaches
  5 goblins
  4 hobgoblins
  6 jackals
  4 quokkas
  7 bats
  6 frilled lizards
  3 kobolds (D:1)
  4 rats
65 creatures vanquished.

Notes
Turn   | Place    | Note
-------+----------+-------------------------------------------
     0 | D:1      | Gadfly the Demonspawn Monk began the quest for the Orb.
     0 | D:1      | Reached XP level 1. HP: 18/18 MP: 1/1
   226 | D:1      | Gained mutation: You have a small tail. [demonic ancestry]
   226 | D:1      | Reached XP level 2. HP: 24/24 MP: 2/2
   331 | D:1      | Reached skill level 1 in Evocations
   337 | D:1      | Reached skill level 1 in Shapeshifting
   384 | D:1      | Reached XP level 3. HP: 28/29 MP: 3/3
  1128 | D:2      | You fall into a shaft and drop 1 floor!
  1498 | D:2      | Gained mutation: A meltable shield of frost defends you.
                  | (SH +4) [demonic ancestry]
  1498 | D:2      | Reached XP level 4. HP: 23/35 MP: 4/4
  2126 | D:3      | Found Suogou's Weapon Shoppe.
  2431 | D:3      | Found a runed translucent door.
  2434 | D:3      | Noticed spaghetti's ghost (amateur NaCK)
  3155 | D:3      | Reached XP level 5. HP: 23/41 MP: 5/5
  3162 | D:3      | Slain by spaghetti's ghost

Illustrated notes

Levels and vault maps discovered:
D:1:      dpeg_arrival_oval, layout_loops_ring
D:2:      layout_loops_ring, minmay_pentomino_w2
D:3:      layout_basic, ebering_ghost_sewer_d, serial_shops, shop

Skill      XL: |  1  2  3  4 |
---------------+-------------+-----
Unarmed Combat | 3 |  3.6
Evocations     | 1 2 |  2.3
Shapeshifting  | 1 |  1.8
Dodging        | 3 |  3.1
Fighting       | |  3.0

Action                     |  1- 3 |  4- 6 || total
---------------------------+-------+-------++-------
  Melee: Unarmed           |   135 |    90 ||   225
         Tailslap          |    19 |    11 ||    30
    Use: Scroll            |     4 |     1 ||     5
         Potion            |       |     4 ||     4
 Armour: Robe              |    60 |    49 ||   109
  Dodge: Dodged            |    82 |    49 ||   131
   Form: Beast             |       |     1 ||     1
